 Dungeon Crawl Stone Soup version 0.27.1-2-g3b301248ec (webtiles) character file.

Game seed: 6512188831739664242

14380 Amplified the Spear-Bearer (level 12, -4/98 HPs)
             Began as a Merfolk Fighter on Sept 22, 2021.
             Was a High Priest of Lugonu.
             Slain by a wolf spider simulacrum (5 damage)
             ... on level 11 of the Dungeon.
             The game lasted 00:19:57 (15580 turns).

Amplified the Spear-Bearer (Merfolk Fighter)       Turns: 15580, Time: 00:19:58

Health: -4/98      AC: 11    Str: 18    XL:     12   Next: 15%
Magic:  19/19      EV:  7    Int: 10    God:    Lugonu [*****.]
Gold:   669        SH:  0    Dex: 20    Spells: 11/11 levels left

rFire    . . .     SeeInvis .   a - +2 trident (venom)
rCold    + . .     Faith    +   c - +0 kite shield
rNeg     . . .     Spirit   .   y - +1 steam dragon scales
rPois    .         Reflect  .   (no helmet)
rElec    .         Harm     .   r - +0 cloak
rCorr    .         Rampage  .   (no gloves)
Will     .....                  e - +2 pair of boots
Stlth    ++........             h - amulet of faith
HPRegen  0.26/turn              g - ring of protection from cold
MPRegen  0.16/turn              j - +6 ring of dexterity

@: about to teleport, petrifying (expiring), very slow
A: (nimble swimmer 2), mertail
a: Renounce Religion, Depart the Abyss, Bend Space, Banish, Corrupt, Enter the
Abyss


You were on level 11 of the Dungeon.
You worshipped Lugonu.
Lugonu was extremely pleased with you.
You visited 1 branch of the dungeon, and saw 13 of its levels.
You also visited: Ossuary.

You collected 1089 gold pieces.
You spent 420 gold pieces at shops.

Inventory:

Hand Weapons
 a - a +2 trident of venom (weapon)
 C - a +5 trident of protection
Missiles
 l - a curare-tipped dart
 n - 65 poisoned darts (quivered)
 D - 2 throwing nets
Armour
 c - a +0 kite shield (worn)
 e - a +2 pair of boots (worn)
 r - a +0 cloak (worn)
 y - +1 steam dragon scales (worn)
Magical Staves
 o - a staff of poison
Jewellery
 g - a ring of protection from cold (left hand)
 h - an amulet of faith (around neck)
 j - a +6 ring of dexterity (right hand)
 q - an amulet of magic regeneration
 x - a ring of ice
 A - an amulet of reflection
Wands
 d - a wand of digging (7)
 u - a wand of charming (3)
Scrolls
 b - a scroll of amnesia
 f - 3 scrolls of immolation
 i - 2 scrolls of fear
 k - 2 scrolls of teleportation
 m - 4 scrolls of noise
 p - a scroll of brand weapon
 w - 2 scrolls of magic mapping
 B - 3 scrolls of identify
 E - a scroll of silence
Potions
 v - 3 potions of flight
 z - 2 potions of attraction
 F - a potion of curing
 G - a potion of berserk rage


   Skills:
 * Level 10.4 Fighting
 * Level 12.8 Polearms
 + Level 2.1 Throwing
 - Level 5.1 Armour
 * Level 4.0 Dodging
 * Level 9.5 Shields
 * Level 9.7 Invocations


You had 11 spell levels left.
You didn't know any spells.
Your spell library contained the following spells:

 Spells                   Type           Power      Damage    Failure   Level
 Sting                    Tmut/Pois      0%         1d3       58%         1
 Poisonous Vapours        Pois/Air       0%         N/A       75%         2
 Call Canine Familiar     Summ           0%         N/A       92%         3
 Portal Projectile        Hex/Tloc       0%         N/A       92%         3
 Leda's Liquefaction      Hex/Erth       0%         N/A       100%        4
 Olgreb's Toxic Radiance  Pois           0%         N/A       100%        4
 Blade Hands              Tmut           0%         N/A       100%        5
 Excruciating Wounds      Necr           0%         N/A       100%        5


Dungeon Overview and Level Annotations

Branches:
Dungeon (13/15)            Temple (0/1) D:7             Orc (0/2) D:10
 Vaults (0/5) D:13        Ossuary (visited)
   Lair: D:8-11

Altars:
Cheibriados
Elyvilon
Gozag
Vehumet
Lugonu

Shops:
D:8 (   D:9 *

Annotations:
D:9 Nergalle
D:11 1 runed translucent door, Gastronok; Jorgrun; NineInchNils's ghost, journeyman TrMo


Innate Abilities, Weirdness & Mutations

((You are quick and stealthy near water. (Stealth+, EV+, Speed+++)))
Your lower body shifts to a powerful aquatic tail in water.


Message History

Unknown command.
You escape the roots' grasp.
Unknown command.
Unknown command.
As you read the scroll of fear, it crumbles to dust.
You assume a fearsome visage.
The wolf spider simulacrum is unaffected.
Jorgrun resists with some effort.
Gastronok looks frightened!
The wolf spider simulacrum hits you but does no damage.
The wolf spider simulacrum bites you but does no damage.
Jorgrun says, "A few more walls knocked out 'ere an' thar an' 'tis whole place will come crashin' down."
Jorgrun casts a spell at you.
You are slowing down.
Unknown command.
Unknown command.
Gastronok seems to regain his courage.
The wolf spider simulacrum hits you but does no damage.
The wolf spider simulacrum bites you. The wolf spider simulacrum freezes you!
You resist. The wolf spider simulacrum hits you!
The wolf spider simulacrum freezes you. You resist.
The wolf spider simulacrum barely misses you.
Your limbs are stiffening.
Unknown command.
Okay, then.
Okay, then.
As you read the scroll of teleportation, it crumbles to dust.
You feel strangely unstable. The wolf spider simulacrum hits you!
* * * LOW HITPOINT WARNING * * *
The wolf spider simulacrum freezes you! You resist.
* * * LOW HITPOINT WARNING * * *
The wolf spider simulacrum barely misses you.
Jorgrun casts a spell at you.
Your limbs have turned to stone.
The wolf spider simulacrum hits you!
* * * LOW HITPOINT WARNING * * *
The wolf spider simulacrum freezes you! You resist.
* * * LOW HITPOINT WARNING * * *
The wolf spider simulacrum bites you.
* * * LOW HITPOINT WARNING * * *
The wolf spider simulacrum freezes you! You resist.
You die...

..# .# ..##.....##..
#.# ...##...##..< .#
....##⌠##.... .#
#..###..##. ..
##.........
####..####. #.....##
#.
##############.###..#
#^ #..w..g@.......#
##.###.
#.#...Z........# #..#
#...<.......## ##.##
#...........# #..#
#...........# ##.#
+...........# #...
#...........# ##..
#...........# ..
#...........# ..


You could see Gastronok (fleeing, extremely poisoned), Jorgrun and a wolf spider
simulacrum.

Vanquished Creatures
  2 two-headed ogres
  A wolf spider zombie (D:8)
  A cyclops (D:12)
  Maggie (D:9)
  3 kobold demonologists
  2 hellwings (D:8)
  2 trolls
  A hornet (D:11)
  3 meliai zombies
  Sigmund (D:3)
  8 yaks
  Grum (D:10)
  A steam dragon (D:8)
  3 vampire mosquitoes
  An acid dragon (D:10)
  3 water moccasins (D:6)
  2 orc warriors
  An ice beast (D:5)
  2 sky beasts (D:7)
  A black bear (D:5)
  3 necrophages
  2 ogres
  A wolf (D:10)
  4 centaurs
  3 phantoms
  6 kobold brigands
  A gnoll sergeant (D:10)
  2 scorpions
  A wyvern skeleton (D:7)
  A water moccasin skeleton (D:4)
  A howler monkey (D:7)
  8 wights
  A bullfrog zombie (D:6)
  9 centaur zombies
  7 orc priests
  A gnoll shaman (D:8)
  10 hounds (D:10)
  5 centaur skeletons
  A jelly (D:8)
  3 bullfrog skeletons (D:5)
  Jessica (D:3)
  Crazy Yiuf (D:3)
  An iguana (D:6)
  7 orc wizards
  8 mummies (Ossuary)
  A howler monkey zombie (D:10)
  5 adders
  12 gnolls
  4 shadow imps (D:8)
  3 white imps
  A worm (D:3)
  28 orcs
  7 bats
  5 endoplasms
  2 giant cockroaches
  2 gnoll zombies (Ossuary)
  2 goblins
  7 hobgoblins
  13 jackals
  3 quokkas
  5 ball pythons
  3 frilled lizards (D:1)
  A hobgoblin zombie (Ossuary)
  29 kobolds
  2 kobold zombies (Ossuary)
  3 orc zombies (Ossuary)
  7 rats
273 creatures vanquished.

Vanquished Creatures (collateral kills)
  A vampire mosquito (D:12)
1 creature vanquished.

Vanquished Creatures (others)
  13 withered plants (D:8)
13 creatures vanquished.

Grand Total: 287 creatures vanquished

Notes
Turn   | Place    | Note
-------+----------+-------------------------------------------
     0 | D:1      | Amplified the Merfolk Fighter began the quest for the Orb.
     0 | D:1      | Reached XP level 1. HP: 18/18 MP: 1/1
    42 | D:1      | Reached XP level 2. HP: 21/24 MP: 2/2
   769 | D:1      | Found a faded altar of an unknown god.
   775 | D:1      | Reached XP level 3. HP: 30/30 MP: 3/3
   786 | D:1      | Became a worshipper of Lugonu the Unformed
   786 | D:1      | Reached * piety under Lugonu
   786 | D:1      | Reached ** piety under Lugonu
  1521 | D:2      | Reached skill level 4 in Polearms
  1571 | D:2      | Found a white marble altar of Elyvilon.
  1948 | D:3      | Noticed Jessica
  1966 | D:3      | Killed Jessica
  1967 | D:3      | Reached XP level 4. HP: 33/37 MP: 4/4
  1996 | D:3      | Noticed Sigmund
  2006 | D:3      | Killed Sigmund
  2007 | D:3      | Reached skill level 5 in Polearms
  2007 | D:3      | Reached XP level 5. HP: 19/43 MP: 4/6
  2007 | D:3      | Reached XP level 6. HP: 22/49 MP: 4/7
  2246 | D:3      | Found an opulent altar of Gozag.
  2524 | D:3      | Reached *** piety under Lugonu
  3742 | D:5      | Entered Level 5 of the Dungeon
  3756 | D:5      | Reached skill level 5 in Fighting
  3756 | D:5      | Reached XP level 7. HP: 47/56 MP: 9/9
  4488 | D:5      | Reached skill level 6 in Polearms
  4729 | D:5      | Reached skill level 5 in Shields
  4729 | D:5      | Reached **** piety under Lugonu
  4731 | D:5      | HP: 4/84 [poisoned by an orc wizard]
  4734 | D:5      | HP: 1/56 [poisoned by an orc wizard]
  5143 | D:5      | Reached XP level 8. HP: 58/63 MP: 9/11
  5500 | D:3      | Found a snail-covered altar of Cheibriados.
  5580 | D:3      | Found a runed translucent door.
  5581 | D:3      | Noticed Crazy Yiuf
  5741 | D:3      | Reached skill level 7 in Polearms
  6103 | D:3      | Killed Crazy Yiuf
  6771 | D:6      | Reached skill level 5 in Invocations
  6842 | D:6      | Found a white marble altar of Elyvilon.
  6965 | D:6      | Reached skill level 8 in Polearms
  6966 | D:6      | Reached XP level 9. HP: 52/71 MP: 12/12
  7319 | D:6      | Found a radiant altar of Vehumet.
  8433 | D:7      | Found a sand-covered staircase.
  8467 | Ossuary  | Entered an ossuary
  8492 | Ossuary  | Reached ***** piety under Lugonu
  8907 | D:7      | Noticed a two-headed ogre
  8926 | D:7      | Killed a two-headed ogre
  8927 | D:7      | Reached skill level 9 in Polearms
  9254 | D:7      | Noticed a troll
  9468 | D:7      | Killed a troll
  9469 | D:7      | Reached XP level 10. HP: 68/80 MP: 13/15
  9706 | D:7      | Found a staircase to the Ecumenical Temple.
  9721 | D:7      | Reached skill level 10 in Polearms
 10365 | D:8      | Reached skill level 11 in Polearms
 10481 | D:8      | Reached XP level 11. HP: 40/89 MP: 17/17
 10577 | D:8      | You fall into a shaft and drop 1 floor!
 10841 | D:9      | Noticed Maggie
 10851 | D:9      | Killed Maggie
 11142 | D:9      | Found Qijeclof's Demolitions Depot.
 12012 | D:8      | Found Vash's Antique Weapon Shop.
 12018 | D:8      | Bought a glowing trident for 182 gold pieces
 12018 | D:8      | Bought a transparent hand crossbow for 238 gold pieces
 12018 | D:8      | Identified the +6 hand crossbow "Ytuerph" {vorpal, Will-
                  | Int+5} (You bought it in a shop on level 8 of the Dungeon)
 12280 | D:10     | Entered Level 10 of the Dungeon
 12286 | D:10     | Noticed Nergalle
 12797 | D:9      | Reached skill level 5 in Armour
 12960 | D:9      | Reached skill level 12 in Polearms
 12962 | D:10     | Noticed a sun demon
 13418 | D:10     | Reached skill level 1 in Dodging
 13594 | D:10     | Reached skill level 10 in Fighting
 13814 | D:10     | Reached skill level 1 in Throwing
 13912 | D:10     | Noticed a two-headed ogre
 13935 | D:10     | Killed a two-headed ogre
 14221 | D:10     | Noticed Grum
 14229 | D:10     | Killed Grum
 14363 | D:10     | Found a staircase to the Orcish Mines.
 14440 | D:11     | Found a runed translucent door.
 14440 | D:11     | Noticed NineInchNils's ghost (journeyman TrMo)
 14984 | D:11     | Noticed a boulder beetle
 14987 | D:12     | Noticed a cyclops
 15000 | D:12     | Killed a cyclops
 15001 | D:12     | Reached XP level 12. HP: 74/98 MP: 19/19
 15368 | D:12     | Noticed Jorgrun
 15411 | D:13     | Found a gate to the Vaults.
 15496 | D:13     | Noticed a centaur warrior
 15514 | D:12     | Noticed Gastronok
 15580 | D:11     | HP: 3/98 [wolf spider simulacrum (10)]
 15580 | D:11     | HP: 1/98 [wolf spider simulacrum (2)]
 15580 | D:11     | Slain by a wolf spider simulacrum

Illustrated notes

Levels and vault maps discovered:
D:1:      dpeg_arrival_renting, layout_basic, shapermc_ecumenical_altar_ellora,
          minmay_tromino_v4_a
D:2:      layout_basic, basic_altar, minmay_misc_feat_iff
D:3:      layout_loops_ring, mainiacjoe_overflow_brackets, lemuel_round_altar,
          uniq_sigmund, uniq_jessica, uniq_crazy_yiuf_cottage
D:4:      layout_basic, hangedman_decor_lopped
D:5:      layout_rooms
D:6:      layout_layer_cave, elyvilon_altar_4, mainiacjoe_overflow_tiny_flanked
D:7:      layout_cave_pods, minmay_temple_entry_statues_fountains,
          chequers_ossuary_entry_cave, grunt_tough_drop
D:8:      cheibrodos_grave_circle, layout_gridville, serial_shops,
          kennysheep_little_box, serial_undead, serial_undead_b,
          serial_undead_a, serial_undead_d, serial_undead_f
D:9:      layout_irregular_city, nrook_uturn, nicolae_blasting_shop, uniq_maggie
D:10:     layout_big_octagon, orc_0_dummy, serial_gnoll_camp,
          gnoll_camp_mini_doghouse, gnoll_camp_mini_hut,
          gnoll_camp_mini_doghouse, grums_kennel, gnoll_camp_mini_house,
          uniq_nergalle
D:11:     layout_basic, erik_lair_dragon, serial_shops, nicolae_diamond_shop,
          hellmonk_ghost_happy_afterlife, minmay_fractal_squares_5, uniq_urug
D:12:     layout_roguey, uniq_rupert, uniq_jorgrun, uniq_gastronok
D:13:     layout_stronghold, erik_vaults_1

Skill      XL: |  1  2  3  4  5  6  7  8  9 10 11 12 |
---------------+-------------------------------------+-----
Polearms       | 4 5 6 8 9 11 12 | 12.8
Fighting       | 4 5 6 7 9 10 | 10.4
Shields        | 4 5 6 7 8 9 |  9.5
Invocations    | 2 3 4 5 6 8 9 |  9.7
Armour         | 3 4 5 |  5.1
Dodging        | 3 4 |  4.0
Throwing       | 1 2 |  2.1

Action                   |  1- 3 |  4- 6 |  7- 9 | 10-12 || total
-------------------------+-------+-------+-------+-------++-------
Melee: Trident           |   139 |   123 |   379 |   754 ||  1395
Throw: Dart              |       |     2 |    14 |       ||    16
Invok: Banish            |       |       |       |     5 ||     5
Evoke: Wand              |       |       |     6 |    19 ||    25
  Use: Scroll            |     3 |     2 |    13 |    12 ||    30
       Potion            |     2 |     2 |    12 |     6 ||    22
 Stab: Paralysed         |       |       |       |    14 ||    14
Armor: Scale mail        |    86 |    34 |   140 |       ||   260
       Troll leather arm |       |       |       |   145 ||   145
       Skin              |       |       |       |    23 ||    23
       Steam dragon scal |       |       |       |   142 ||   142
Dodge: Dodged            |    46 |    20 |    91 |   257 ||   414
Block: Kite shield       |    97 |    50 |   170 |   467 ||   784
